 Dungeon Crawl Stone Soup version 0.19.1 (webtiles) character file.

69 RaHiT the Magician (level 4, 0/30 HPs)
             Began as a Mummy Conjurer on Dec 25, 2016.
             Slain by Ijyb (3 damage)
             ... on level 2 of the Dungeon.
             The game lasted 00:06:04 (1101 turns).

RaHiT the Magician (Mummy Conjurer)                 Turns: 1101, Time: 00:06:05

Health: 0/30       AC:  2    Str: 11    XL:     4   Next: 2%
Magic:  0/10       EV: 12    Int: 15    God:
Gold:   97         SH:  0    Dex: 12    Spells: 2 memorised, 8 levels left

rFire  x . .     SeeInvis .     f - +2 hand axe (vamp)
rCold  + . .     Gourm    .     a - +0 robe
rNeg   + + +     Faith    .     (no shield)
rPois  ∞         Spirit   .     (no helmet)
rElec  .         Reflect  .     (no cloak)
rCorr  .         Harm     .     (no gloves)
MR     .....                    (no boots)
Stlth  ++........               (no amulet)
                                (no ring)
                                (no ring)

@: no status effects
A: no food or potions, fire vulnerability, cold resistance 1, negative energy
resistance 3, torment resistance, unbreathing
a: no special abilities


You were on level 2 of the Dungeon.
You were not hungry.

You visited 1 branch of the dungeon, and saw 2 of its levels.

You collected 97 gold pieces.

Inventory:

Hand Weapons
 f - a +2 vampiric hand axe (weapon)
 j - a +1 dagger of electrocution
 l - a +0 long sword
Missiles
 c - 51 arrows
 d - 7 poisoned needles
 i - 2 curare-tipped needles
 k - 25 sling bullets
Armour
 a - a +0 robe (worn)
Scrolls
 e - a scroll of recharging {unknown}
 g - a scroll of teleportation {unknown}
 h - a scroll of identify {unknown}
Books
 b - a book of Conjurations

   Spells                             Type                      Level
   a - Magic Dart                     Conjuration                  1
   b - Searing Ray                    Conjuration                  2
   c - Dazzling Spray                 Conjuration/Hexes            3
   d - Fulminant Prism                Conjuration/Hexes            4
   e - Iskenderun's Mystic Blast      Conjuration                  4
   f - Iskenderun's Battlesphere      Conjuration/Charms           5


   Skills:
 - Level 1.5 Dodging
 - Level 1.5 Stealth
 + Level 4.0 Spellcasting
 - Level 3.2 Conjurations


You had 8 spell levels left.
You knew the following spells:

 Your Spells              Type           Power        Failure   Level  Hunger
a - Magic Dart            Conj           ##..         6%          1    N/A
q - Searing Ray           Conj           ##....       10%         2    N/A

Dungeon Overview and Level Annotations

Branches:
Dungeon (2/15)

Altars:
Okawaru

Annotations:
D:2 Ijyb


Innate Abilities, Weirdness & Mutations

You do not eat or drink.
Your flesh is vulnerable to fire.
You are immune to poison.
Your flesh is cold resistant. (rC+)
You are immune to negative energy. (rN+++)
You are immune to unholy pain and torment.
You can survive without breathing.


Message History

You barely miss Ijyb.
Ijyb is severely wounded.
Ijyb hits you.
* * * LOW HITPOINT WARNING * * *
Casting: Searing Ray
Confirm with . or Enter, or press ? or * to list all spells.
Aiming: Searing Ray
Press: ? - help, Shift-Dir - straight line, f/p - Ijyb
Aim: Ijyb, wearing a chain mail (severely wounded)
The searing ray hits Ijyb.
Ijyb is severely wounded.
Ijyb barely misses you.
The searing ray hits Ijyb.
Ijyb is severely wounded.
Ijyb screams, "Die!"
Ijyb hits you.
* * * LOW HITPOINT WARNING * * *
Without enough magic to sustain it, your searing ray dissipates.
Ijyb hits you.
You die...

...#.......#...†....#
...#.......#........#
...#.......#........#
...################.#
...# #.# #### #.# #
###### #.#
########....#######.#
.......'.......g@...#
########......#######
# #......# # ####...#
# #...# # #...# #...#
#...# #####


You could see Ijyb.

Vanquished Creatures
  2 adders (D:2)
  A worm (D:2)
  3 dart slugs (D:1)
  3 leopard geckos
  5 goblins (D:1)
  3 hobgoblins (D:1)
  4 jackals (D:1)
  3 kobolds
  A ball python (D:2)
  6 bats
  2 frilled lizards (D:1)
  5 rats (D:1)
38 creatures vanquished.

Notes
Turn   | Place    | Note
-------+----------+-------------------------------------------
     0 | D:1      | RaHiT the Mummy Conjurer began the quest for the Orb.
     0 | D:1      | Reached XP level 1. HP: 13/13 MP: 3/3
    86 | D:1      | Reached XP level 2. HP: 7/19 MP: 0/5
    90 | D:1      | Learned a level 2 spell: Searing Ray
   385 | D:1      | Reached skill level 3 in Spellcasting
   442 | D:1      | Reached XP level 3. HP: 21/24 MP: 1/7
   885 | D:2      | Found an iron altar of Okawaru.
  1001 | D:2      | Reached skill level 4 in Spellcasting
  1001 | D:2      | Reached XP level 4. HP: 30/30 MP: 3/10
  1026 | D:2      | Noticed Ijyb
  1101 | D:2      | Slain by Ijyb

Skill      XL: |  1  2  3 |
---------------+----------+-----
Spellcasting   | 3 4 |  4.0
Dodging        | |  1.5
Stealth        | |  1.5
Conjurations   | |  3.2

Action                   |  1- 3 |  4- 6 || total
-------------------------+-------+-------++-------
Melee: Unarmed           |    21 |       ||    21
       Hand axe          |    41 |    21 ||    62
 Cast: Magic Dart        |    50 |       ||    50
       Searing Ray       |     2 |     4 ||     6
Armor: Robe              |    12 |     4 ||    16
Dodge: Dodged            |    45 |    21 ||    66
